 Dungeon Crawl Stone Soup version 0.31.0-9-g3a7656b989 (webtiles) character file.

Game seed: 12771735821588737306

213114 Bnni the Impassioned (level 18, -11/156 HPs)
             Began as a Vine Stalker Fighter on Jan 29, 2024.
             Was a Priest of Uskayaw.
             Mangled by a merfolk
             ... wielding a +0 trident
              (14 damage)
             ... on level 3 of the Shoals.
             The game lasted 01:12:22 (26349 turns).

Bnni the Impassioned (Vine Stalker Fighter)        Turns: 26349, Time: 01:12:24

Health: -11/156    AC: 19    Str: 15    XL:     18   Next: 94%
Magic:  0/31       EV: 15    Int:  8    God:    Uskayaw [***...]
Gold:   1696       SH: 16    Dex: 22    Spells: 11/17 levels left

rFire   + . .        h - +4 quick blade of Fear {drain, rElec rPois rF+ Str-4}
rCold   + . .        Y - +1 kite shield {rC+}
rNeg    . . .        u - +4 scale mail
rPois   +            U - +2 hat {SInv}
rElec   +            r - +1 cloak of Starlight {*Dazzle EV+4 Stlth--}
rCorr   .            C - +0 pair of gloves {infuse}
SInv    +            n - +1 pair of boots
Will    ++...        x - amulet of regeneration Stlth
                     l - +4 ring of slaying
HPRegen 2.06/turn    m - +4 ring of slaying
MPRegen 0.22/turn

%: guardian spirit
@: berserking, engulfed (cannot breathe), spiked, studying Shields, quick
A: fangs 3, regeneration 1, magic shield, antimagic bite, no potion heal 2
}: 1/15 runes: gossamer
a: Renounce Religion, Stomp, Line Pass


You were on level 3 of the Shoals.
You worshipped Uskayaw.
Uskayaw was most pleased with you.
You visited 6 branches of the dungeon, and saw 30 of its levels.
You also visited: Ice Cave.

You collected 3104 gold pieces.
You spent 1408 gold pieces at shops.

Inventory:

Hand Weapons
 h - the +4 quick blade of Fear (weapon) {drain, rElec rPois rF+ Str-4}
   (You acquired it on level 1 of the Shoals)

   Str-4:     It affects your strength (-4).
   rF+:       It protects you from fire.
   rElec:     It insulates you from electricity.
   rPois:     It protects you from poison
 q - the +4 dagger of Inflation {venom, rElec SInv}
   (You bought it in a shop on level 2 of the Orcish Mines)

   rElec:     It insulates you from electricity.
   SInv:      It lets you see invisible.
Missiles
 H - 9 throwing nets
 P - 3 curare-tipped darts
Armour
 n - a +1 pair of boots (worn)
 r - the +1 cloak of Starlight (worn) {*Dazzle EV+4 Stlth--}
   (You found it on level 1 of the Spider Nest)

   *Dazzle:   It may blind those who miss an attack against the wearer in melee
   combat.
   EV+4:      It affects your evasion (+4).
   Stlth--:   It makes you much less stealthy.
 u - a +4 scale mail (worn)
 w - a scarf of resistance
 C - a +0 pair of gloves of infusion (worn)
 S - a +1 cloak of preservation
 U - a +2 hat of see invisible (worn)
 Y - a +1 kite shield of cold resistance (worn)
Jewellery
 l - a +4 ring of slaying (left hand)
 m - a +4 ring of slaying (right hand)
 x - an amulet of regeneration (around neck)
 B - a ring of protection from cold
 D - a ring of protection from fire
 I - a ring of poison resistance
 N - a ring of protection from fire
 R - a ring of protection from cold
Wands
 J - a wand of roots (20)
 O - a wand of flame (13)
 T - a wand of acid (7)
Scrolls
 b - 8 scrolls of revelation
 f - 2 scrolls of poison
 g - 6 scrolls of immolation
 i - 6 scrolls of enchant armour
 k - 6 scrolls of fog
 s - 13 scrolls of teleportation
 t - 3 scrolls of enchant weapon
 v - 3 scrolls of butterflies
 y - a scroll of amnesia {unknown}
 A - a scroll of silence
 E - 3 scrolls of fear
 L - 2 scrolls of brand weapon
 X - a scroll of vulnerability {unknown}
 Z - a scroll of noise {unknown}
Potions
 d - 7 potions of might
 e - 5 potions of haste
 j - 3 potions of magic
 o - 7 potions of ambrosia
 p - 9 potions of curing
 z - 4 potions of enlightenment
 F - 5 potions of cancellation
 G - 3 potions of attraction
 K - 3 potions of berserk rage
 M - a potion of resistance
 Q - 2 potions of mutation
 W - 2 potions of invisibility {unknown}
Miscellaneous
 a - a phial of floods (inert)
 c - a sack of spiders


   Skills:
 + Level 15.1 Fighting
 * Level 13.0 Short Blades
 - Level 5.0 Armour
 - Level 4.0 Dodging
 + Level 17.3 Stealth
 - Level 15.0 Shields
 - Level 0.8 Translocations
 + Level 17.7 Invocations


You had 11 spell levels left.
You knew the following spells:

 Your Spells              Type           Power      Damage    Failure   Level
a - Lesser Beckoning      Tloc           2%         N/A       96%         2
w - Fugue of the Fallen   Necr           0%         N/A       100%        3
z - Apportation           Tloc           2%         N/A       89%         1

Your spell library contained the following spells:

 Spells                   Type           Power      Damage    Failure   Level
 Magic Dart               Conj           0%         1d3       95%         1
 Necrotise                Necr           0%         1d4       95%         1
 Slow                     Hex            0%         N/A       95%         1
 Sting                    Conj/Alch      0%         1d3       95%         1
 Summon Small Mammal      Summ           0%         N/A       95%         1
 Call Imp                 Summ           0%         N/A       99%         2
 Cigotuvi's Dreadful Rot  Necr/Alch/Air  0%         N/A       99%         2
 Ensorcelled Hibernation  Hex/Ice        0%         N/A       99%         2
 Jinxbite                 Hex            0%         N/A       99%         2
 Mercury Vapours          Alch/Air       0%         N/A       99%         2
 Searing Ray              Conj           0%         2d4       99%         2
 Sublimation of Blood     Necr           0%         N/A       99%         2
 Gell's Gravitas          Tloc           1%         N/A       99%         3
 Teleport Other           Tloc           1%         N/A       99%         3
 Confusing Touch          Hex            0%         N/A       100%        3
 Hailstorm                Conj/Ice       0%         3d5       100%        3
 Inner Flame              Hex/Fire       0%         N/A       100%        3
 Ozocubu's Armour         Ice            0%         N/A       100%        3
 Sigil of Binding         Hex            0%         N/A       100%        3
 Summon Ice Beast         Ice/Summ       0%         N/A       100%        3
 Vampiric Draining        Necr           0%         2d6       100%        3
 Volatile Blastmotes      Fire/Tloc      0%         2d10      100%        3
 Anguish                  Hex/Necr       0%         N/A       100%        4
 Animate Dead             Necr           0%         N/A       100%        4
 Cause Fear               Hex            0%         N/A       100%        4
 Fulminant Prism          Conj/Alch      0%         3d5       100%        4
 Ignite Poison            Fire/Alch      0%         N/A       100%        4
 Iskenderun's Mystic Bla  Conj/Tloc      0%         2d3       100%        4
 Olgreb's Toxic Radiance  Alch           0%         N/A       100%        4
 Passage of Golubria      Tloc           1%         N/A       100%        4
 Alistair's Intoxication  Alch           0%         N/A       100%        5
 Freezing Cloud           Conj/Ice/Air   0%         6-21      100%        5
 Irradiate                Conj/Alch      0%         3d11      100%        5
 Metabolic Englaciation   Hex/Ice        0%         N/A       100%        5
 Silence                  Hex/Air        0%         N/A       100%        5
 Summon Mana Viper        Hex/Summ       0%         N/A       100%        5
 Dispersal                Tloc           0%         N/A       100%        6
 Sculpt Simulacrum        Ice/Alch       0%         N/A       100%        6
 Enfeeble                 Hex            0%         N/A       100%        7
 Haunt                    Necr/Summ      0%         N/A       100%        7
 Monstrous Menagerie      Summ           0%         N/A       100%        7
 Summon Hydra             Summ           0%         N/A       100%        7
 Ignition                 Fire           0%         3d3       100%        8
 Infestation              Necr           0%         N/A       100%        8
 Lehudib's Crystal Spear  Conj/Erth      0%         10d2      100%        8


Dungeon Overview and Level Annotations

Branches:
Dungeon (15/15)            Temple (1/1) D:7            Lair (5/5) D:11
 Shoals (3/4) Lair:3       Spider (4/4) Lair:3        Slime (0/5) Lair:4
    Orc (2/2) D:9             Elf (0/3) Orc:2        Depths (0/4) D:15
  IceCv (visited)
 Vaults: D:13-14

Altars:
Ashenzari
Cheibriados
Dithmenos
Elyvilon
Fedhas
Gozag
Hepliaklqana
Kikubaaqudgha
Makhleb
Nemelex Xobeh
Okawaru
Qazlal
Ru
Sif Muna
Trog
Uskayaw
Vehumet
Wu Jian
Xom
Yredelemnul
Zin
The Shining One

Shops:
D:5 (   Orc:2 ((=:

Annotations:
D:8 2 transporters
D:14 2 exclusions


Innate Abilities, Weirdness & Mutations

You have razor-sharp teeth.
Your natural rate of healing is unusually fast.
When hurt, damage is shared between your health and your magic reserves.
Your bite disrupts and absorbs the magic of your enemies.
Potions cannot restore your health.


Message History

Press: ? - help, Shift-Dir - straight line, f - merfolk aquamancer
Aim: a merfolk aquamancer, wielding a +0 rapier and wearing a +0 robe (almost dead, lightly drained, magic disrupted, 64% to hit)
The torrent of water hits the merfolk aquamancer.
You kill the merfolk aquamancer!
You hear a splash. x2
The wave splashes down.
* * * LOW HITPOINT WARNING * * *
Your lungs strain for air!
You hear a shout! x3; You hear a screech! x4; You hear a shout!
The merfolk hits you from afar with a +1 trident of pain!
* * * LOW HITPOINT WARNING * * *
You writhe in agony.
* * * LOW HITPOINT WARNING * * *
The water nymph touches you. The water nymph drowns you!
* * * LOW HITPOINT WARNING * * *
The merfolk closely misses you. The water elemental misses you.
Okay, then.
Magic courses through your body.
* * * LOW HITPOINT WARNING * * *
Your lungs strain for air!
The merfolk hits you from afar with a +1 trident of pain.
* * * LOW HITPOINT WARNING * * *
You block the merfolk's attack. The water nymph touches you.
* * * LOW HITPOINT WARNING * * *
The water nymph drowns you!
* * * LOW HITPOINT WARNING * * *
The merfolk hits you from afar with a +0 trident!
* * * LOW HITPOINT WARNING * * *
You block the water elemental's attack.
Okay, then.
Okay, then.
Unknown command.
Okay, then.
A red film seems to cover your vision as you go berserk!
You feel yourself moving faster!
You feel mighty!
* * * LOW HITPOINT WARNING * * *
Your lungs strain for air!
You block the merfolk's attack.
The merfolk hits you from afar with a +0 trident!
You die...

≈≈≈≈~~..........>#
≈≈≈≈~~.........(.#
≈≈≈~.............##
≈≈~~......<...[...######
≈≈≈~~~~..~~.###........#
≈≈≈~...~.....##.....!...
≈≈~~........".#..~.....
≈≈~~.......??..#~~...~~
≈≈~~~~~~~.....~@m~~..~~
≈≈~~~~~~~....~EEm...~≈
≈≈≈≈≈≈~~~...~~mm....~
≈~~~~~~~~...........
~~..~~~~~....~~....
~~~~~≈≈≈~~~.......
~~~~≈≈≈~≈≈≈~.....
~~~~≈≈~.≈~......


You could see 3 merfolk, 2 water elementals and a water nymph.

Vanquished Creatures
  A kraken (Shoals:2)
  Gastronok (Lair:2)
  The ghost of Detar the Severer, an adept HOFi of Beogh (Spider:4)
  A frost giant (IceCv)
  5 emperor scorpions
  5 ghost moths
  2 broodmothers (Spider:2)
  A spark wasp (Spider:4)
  3 merfolk impalers
  An ettin (D:15)
  A merfolk javelineer (Shoals:1)
  Josephine (Lair:5)
  6 entropy weavers
  4 hydras
  2 jorogumos (Spider:2)
  2 merfolk avatars
  2 alligator snapping turtles
  6 radroaches
  5 centaur warriors
  3 merfolk aquamancers
  A death knight (D:15)
  5 two-headed ogres
  A catoblepas (Lair:4)
  9 boulder beetles
  18 death yaks
  2 tengu warriors (D:15)
  4 orc high priests (Orc:2)
  13 demonic crawlers
  Urug (Orc:2)
  A skeletal warrior (D:15)
  6 skysharks
  14 pharaoh ants
  7 sea snakes
  5 sun moths
  8 orb spiders
  15 steelbarb worms
  A deep troll (D:15)
  A deep elf pyromancer (D:13)
  2 necromancers (Orc:1)
  14 harpies
  2 orc knights
  16 manticores
  13 wolf spiders
  Maurice (Orc:2)
  5 cyclopes
  2 orc sorcerers (Orc:2)
  3 fauns (Shoals:1)
  6 ugly things
  3 moths of wrath
  16 elephants
  13 meliai
  2 kobold blastminers (Orc:2)
  A merfolk siren (Shoals:1)
  4 water nymphs
  7 orange demons (D:11)
  An ice statue (IceCv)
  16 cane toads
  3 black mambas
  8 torpor snails
  3 gargoyles
  A cane toad (shapeshifter) (D:15)
  2 freezing wraiths (D:15)
  4 rime drakes
  2 unseen horrors
  A kobold demonologist (D:13)
  3 tengu conjurers
  8 komodo dragons
  2 red devils (D:11)
  7 trolls
  16 polar bears
  21 merfolk
  Prince Ribbit (D:5)
  19 tarantellas
  3 hornets
  7 wind drakes
  An ettin zombie (Orc:1)
  30 blink frogs
  8 snapping turtles
  Sigmund (D:2)
  17 jumping spiders
  3 centaur simulacra
  15 slime creatures
  17 culicivoras
  7 water elementals
  Eustachio (D:5)
  11 wyverns
  5 shadows
  6 wraiths
  13 basilisks
  65 yaks
  6 vampire mosquitoes
  5 steam dragons
  45 redbacks
  Menkaure (D:7)
  2 acid dragons
  A hell hound (Lair:4)
  16 water moccasins
  25 orc warriors
  2 ice beasts
  2 sky beasts
  An ogre (D:5)
  42 wolves
  12 centaurs
  3 kobold brigands
  6 bullfrogs
  7 scorpions
  A gnoll sergeant (D:8)
  2 cyclops zombies (Orc:1)
  9 wights
  13 jellies
  A killer bee (D:9)
  6 electric eels
  8 howler monkeys
  4 bombardier beetles
  3 gnoll boudas
  11 hounds
  34 orc priests
  An iguana (D:6)
  Jessica (D:2)
  32 orc wizards
  7 hell rats (Lair:4)
  An ogre skeleton (Orc:1)
  Robin (D:2)
  22 gnolls
  5 adders
  An orc skeleton (Orc:1)
  15 white imps
  An orc simulacrum (Orc:1)
  2 orc zombies (Orc:1)
  4 dart slugs
  4 ribbon worms
  60 orcs
  5 bats
  11 endoplasms
  4 giant cockroaches
  16 goblins
  13 hobgoblins
  9 jackals (D:3)
  3 quokkas
  8 ball pythons
  2 frilled lizards
  19 kobolds
  5 rats
  3 tentacles (Shoals:2)
1126 creatures vanquished.

Vanquished Creatures (others)
  3 tentacles (Shoals:2)
3 creatures vanquished.

Grand Total: 1129 creatures vanquished

Notes
Turn   | Place    | Note
-------+----------+-------------------------------------------
     0 | D:1      | Bnni the Vine Stalker Fighter began the quest for the Orb.
     0 | D:1      | Reached XP level 1. HP: 11/11 MP: 2/2
    42 | D:1      | Reached XP level 2. HP: 16/16 MP: 3/3
   311 | D:1      | Reached XP level 3. HP: 19/19 MP: 4/4
   629 | D:2      | Noticed Sigmund
   640 | D:2      | Killed Sigmund
   641 | D:2      | Reached XP level 4. HP: 24/24 MP: 5/5
   641 | D:2      | Reached XP level 5. HP: 28/28 MP: 6/6
   724 | D:2      | Noticed Jessica
   728 | D:2      | Killed Jessica
   729 | D:2      | Reached XP level 6. HP: 32/32 MP: 7/7
   967 | D:2      | Noticed Robin
   975 | D:2      | Killed Robin
  1443 | D:3      | Found a snail-covered altar of Cheibriados.
  1666 | D:3      | Found an opulent altar of Gozag.
  1666 | D:3      | Found an ancient bone altar of Kikubaaqudgha.
  1667 | D:3      | Found a bloodstained altar of Trog.
  1767 | D:3      | Found a burning altar of Makhleb.
  1906 | D:3      | Noticed an ice beast
  1910 | D:3      | Killed an ice beast
  1911 | D:3      | Reached skill level 5 in Short Blades
  1911 | D:3      | Reached XP level 7. HP: 30/37 MP: 8/8
  2361 | D:4      | Found a shimmering blue altar of Sif Muna.
  3002 | D:5      | Entered Level 5 of the Dungeon
  3004 | D:5      | Found a basalt altar of Yredelemnul.
  3213 | D:5      | Noticed Eustachio
  3220 | D:5      | Gained mutation: You have razor-sharp teeth. [Vine Stalker
                  | growth]
  3220 | D:5      | Reached XP level 8. HP: 34/42 MP: 9/9
  3225 | D:5      | Killed Eustachio
  3226 | D:5      | Reached skill level 5 in Fighting
  3468 | D:5      | Found a glowing silver altar of Zin.
  3471 | D:5      | Found a blossoming altar of Fedhas.
  3575 | D:5      | Found Ycutrunk's Antique Weapon Shop.
  3731 | D:5      | Noticed Prince Ribbit
  3738 | D:5      | Killed Prince Ribbit
  3739 | D:5      | Reached XP level 9. HP: 35/48 MP: 10/10
  4622 | D:7      | Found a staircase to the Ecumenical Temple.
  4713 | Temple   | Entered the Ecumenical Temple
  4815 | D:7      | Noticed Menkaure
  4822 | D:7      | Killed Menkaure
  5087 | D:7      | Reached skill level 10 in Short Blades
  5124 | D:7      | Found a sparkling altar of Nemelex Xobeh.
  5282 | D:8      | Reached XP level 10. HP: 48/56 MP: 11/11
  5327 | D:8      | Noticed a two-headed ogre
  5382 | D:8      | Reached skill level 1 in Stealth
  5382 | D:8      | Reached skill level 1 in Invocations
  5536 | D:8      | Killed a two-headed ogre
  5580 | D:8      | Found a transporter.
  5581 | D:8      | Found a transporter.
  5636 | D:8      | Noticed a kobold demonologist
  5850 | D:8      | Found a hazy altar of Hepliaklqana.
  5888 | D:8      | Found a sacrificial altar of Ru.
  6004 | D:9      | Found a hide-covered altar of Uskayaw.
  6014 | D:9      | Became a worshipper of Uskayaw the Reveller
  6020 | D:9      | Reached * piety under Uskayaw
  6023 | D:9      | Reached ** piety under Uskayaw
  6200 | D:9      | Found a staircase to the Orcish Mines.
  6585 | D:9      | Reached *** piety under Uskayaw
  6669 | D:9      | Noticed a two-headed ogre
  6669 | D:9      | Noticed a two-headed ogre
  6679 | D:9      | Killed a two-headed ogre
  6680 | D:9      | Reached skill level 5 in Invocations
  6686 | D:9      | Reached **** piety under Uskayaw
  6688 | D:9      | Killed a two-headed ogre
  6688 | D:9      | Reached ***** piety under Uskayaw
  6689 | D:9      | Reached skill level 5 in Stealth
  6689 | D:9      | Reached XP level 11. HP: 25/62 MP: 16/16
  6795 | D:9      | Noticed a two-headed ogre
  6809 | D:9      | Killed a two-headed ogre
  7291 | D:10     | Entered Level 10 of the Dungeon
  7672 | D:10     | Reached skill level 10 in Fighting
  8046 | D:11     | Noticed a cyclops
  8061 | D:11     | Killed a cyclops
  8163 | D:11     | Found a staircase to the Lair.
  8193 | D:11     | Noticed a boulder beetle
  8213 | D:11     | Killed a boulder beetle
  8214 | D:11     | Reached XP level 12. HP: 68/68 MP: 19/19
  8448 | D:11     | Noticed a boulder beetle
  8480 | D:11     | Killed a boulder beetle
  8635 | D:11     | Reached ****** piety under Uskayaw
  8654 | D:11     | Reached skill level 10 in Invocations
  9504 | D:12     | Reached skill level 10 in Stealth
  9707 | D:12     | Noticed a two-headed ogre
  9724 | D:12     | Killed a two-headed ogre
 10253 | D:13     | Reached XP level 13. HP: 65/74 MP: 22/22
 11249 | D:14     | Noticed a vault guard
 11701 | D:15     | Entered Level 15 of the Dungeon
 12081 | D:15     | Noticed an ettin
 12084 | D:15     | Found a staircase to the Depths.
 12096 | D:15     | Killed an ettin
 12347 | D:15     | Reached XP level 14. HP: 48/81 MP: 25/25
 12774 | D:15     | Reached skill level 1 in Dodging
 12857 | Lair:1   | Entered Level 1 of the Lair of Beasts
 12989 | Lair:1   | Found a frozen archway.
 13026 | IceCv    | Entered an ice cave
 13236 | IceCv    | Noticed a frost giant
 13269 | IceCv    | Killed a frost giant
 14093 | Lair:1   | Reached skill level 5 in Shields
 14368 | Lair:1   | Learned a level 1 spell: Apportation
 14371 | Lair:1   | Learned a level 2 spell: Lesser Beckoning
 14375 | Lair:1   | Learned a level 3 spell: Fugue of the Fallen
 14743 | Lair:2   | Noticed Gastronok
 14757 | Lair:2   | Killed Gastronok
 14758 | Lair:2   | Reached XP level 15. HP: 70/85 MP: 27/27
 15759 | Lair:3   | Found a hole to the Spider Nest.
 16099 | Lair:3   | Found a staircase to the Shoals.
 16435 | Lair:4   | Found a staircase to the Slime Pits.
 16500 | Lair:4   | Reached skill level 15 in Invocations
 16889 | Lair:4   | Reached skill level 5 in Armour
 16946 | Lair:4   | Identified the +2 leather armour "Hujoov" {rF+}
 17327 | Lair:5   | Entered Level 5 of the Lair of Beasts
 17742 | Lair:5   | Noticed Josephine
 17756 | Lair:5   | Killed Josephine
 17791 | Lair:5   | Reached XP level 16. HP: 86/87 MP: 28/28
 18987 | Orc:1    | Entered Level 1 of the Orcish Mines
 19806 | Orc:2    | Entered Level 2 of the Orcish Mines
 19862 | Orc:2    | Noticed Urug
 19876 | Orc:2    | Killed Urug
 19937 | Orc:2    | Found a staircase to the Elven Halls.
 20062 | Orc:2    | Reached skill level 15 in Stealth
 20096 | Orc:2    | Found Vyrum's Jewellery Boutique.
 20096 | Orc:2    | Found Utust's Book Boutique.
 20096 | Orc:2    | Found Medeikui's Antique Weapon Shop.
 20213 | Orc:2    | Found Xusi's Antique Weapon Shop.
 20220 | Orc:2    | Bought an ancient dagger for 238 gold pieces
 20220 | Orc:2    | Identified the +4 dagger of Inflation {venom, rElec SInv}
                  | (You bought it in a shop on level 2 of the Orcish Mines)
 20354 | Orc:2    | Noticed Maurice
 20362 | Orc:2    | Killed Maurice
 20751 | Orc:2    | Bought a +4 ring of slaying for 1170 gold pieces
 20969 | Spider:1 | Entered Level 1 of the Spider Nest
 21001 | Shoals:1 | Entered Level 1 of the Shoals
 21296 | Shoals:1 | Identified 2 scrolls of acquirement
 21298 | Shoals:1 | Acquired the +4 quick blade of Fear {drain, rElec rPois rF+
                  | Str-4}
 21302 | Shoals:1 | Acquired a manual of Shields
 21511 | Shoals:1 | Reached skill level 10 in Shields
 21584 | Shoals:1 | Identified the +1 tower shield of the Dwarven Hall {rF+
                  | rC+}
 21735 | Shoals:1 | Reached XP level 17. HP: 91/97 MP: 30/30
 22145 | Spider:1 | Found the +1 cloak of Starlight {*Dazzle EV+4 Stlth--}
 23823 | Spider:3 | Reached XP level 18. HP: 102/102 MP: 31/31
 24512 | Spider:4 | Entered Level 4 of the Spider Nest
 24953 | Spider:4 | Got a gossamer rune of Zot
 25090 | Spider:4 | Found a large runed translucent door.
 25091 | Spider:4 | Found a large runed translucent door.
 25099 | Spider:4 | Noticed Detar's ghost (adept HOFi)
 25120 | Spider:4 | Killed Detar's ghost
 25130 | Spider:4 | Identified the +5 ring mail "Haij" {rElec Int+4}
 25389 | Spider:4 | Reached skill level 15 in Fighting
 26309 | Shoals:3 | Reached skill level 15 in Shields
 26348 | Shoals:3 | HP: 5/104 [drowned by a water nymph (4)]
 26348 | Shoals:3 | HP: 2/104 [merfolk/+0 trident[a merfolk aquamancer] (3)]
 26349 | Shoals:3 | Mangled by a merfolk

Illustrated notes

Levels and vault maps discovered:
D:1:      roderic_crop_circles_arrival_small, layout_rooms, minmay_tall_x
D:2:      wander_river, layout_basic, amcnicky_mini_pool_small, uniq_robin,
          uniq_sigmund, uniq_jessica
D:3:      layout_loops_cross, kennysheep_slug_shrine,
          mainiacjoe_overflow_alcove_2, gammafunk_temple_overflow_claw
D:4:      layout_loops_corners, lemuel_tele_altar
D:5:      layout_gridville, mainiacjoe_overflow_cross_hatched,
          jmf_multi_god_temple, serial_shops, shop, uniq_prince_ribbit1,
          uniq_eustachio
D:6:      layout_cave_pools
D:7:      layout_loops_ring, nemelex_xobeh_ov_fountains_minmay,
          minmay_temple_entry_statues_pillars, uniq_menkaure
D:8:      gammafunk_wand_slinger, layout_cave_pools, nzn_hepliaklqana_mist_gate,
          nicolae_ru_great_annihilating_truth
D:9:      minmay_razor_zed, layout_layer_cave,
          mainiacjoe_overflow_small_starburst, orc_0_dummy
D:10:     layout_roguey
D:11:     layout_loops_corners, erik_lair_island, minmay_misc_feat_ornament,
          minmay_beelzebubs_servants
D:12:     layout_roguey, serial_rivers, chequers_serial_rivers_small_a,
          chequers_serial_rivers_room_b, chequers_serial_rivers_micro_b,
          chequers_serial_rivers_small_a, chequers_serial_rivers_micro_c,
          chequers_serial_rivers_large_b
D:13:     layout_irregular_city
D:14:     layout_gridville, grunt_vaults_entry_fortified,
          nicolae_zig_zag_zippers
D:15:     hangedman_depths_entry_civil_slaughter, layout_long_grid,
          solitary_fountain
Temple:   kb_temple_of_zot
Lair:1:   layout_long_grid, portal_ice_cave_entry_imps, serial_bayou_crossing
Lair:2:   layout_loops_ring, nicolae_lair_run_with_the_wolves, uniq_gastronok
Lair:3:   layout_cave_pods, minmay_shoals_entry_hut,
          nicolae_spider_entry_non_spiders, lemuel_fruit_tree
Lair:4:   layout_roguey [special_room_mythical_zoo],
          minmay_slime_entry_jelly_boxes
Lair:5:   gammafunk_lair_ancient_temple, layout_cave_pods,
          chequers_serial_rivers_small_3, serial_bayou_shore_b, uniq_josephine
Shoals:1: layout_shoals, nicolae_shoals_mertower
Shoals:2: layout_shoals
Shoals:3: argonaut_golden_fleece, layout_shoals, ebering_ghost_disaster_area,
          nicolae_shoals_lost_giant_hut
Spider:1: layout_spider_delve, einodemon_crawler_minivault
Spider:2: nicolae_spider_hilbert_zone_4 [nicolae_spider_hilbert_4_sides_2_open,
          nicolae_spider_hilbert_4_sides_1_open,
          nicolae_spider_hilbert_4_sides_1_open,
          nicolae_spider_hilbert_4_sides_1_open,
          nicolae_spider_hilbert_4_sides_1_open,
          nicolae_spider_hilbert_2_sides_1_open,
          nicolae_spider_hilbert_2_sides_1_open,
          nicolae_spider_hilbert_2_sides_1_open,
          nicolae_spider_hilbert_2_sides_1_open,
          nicolae_spider_hilbert_6_sides_1_open,
          nicolae_spider_hilbert_6_sides_1_open,
          nicolae_spider_hilbert_3_sides_1_open,
          nicolae_spider_hilbert_3_sides_1_open]
Spider:3: layout_cave_pods
Spider:4: hellmonk_spider_rune_bug_friends, ebering_ghost_disaster_area
Orc:1:    dreamdust_under_siege, layout_caves
Orc:2:    st_orc_mages, layout_caves, guppyfry_library_mini, uniq_urug,
          uniq_maurice

Skill      XL: |  1  2  3  4  5  6  7  8  9 10 11 12 13 14 15 16 17 18 |
---------------+-------------------------------------------------------+-----
Short Blades   | 2 3 4 5 6 8 10 11 13 | 13.0
Shields        | 3 4 5 8 10 13 15 | 15.0
Fighting       | 3 4 6 8 9 10 11 12 13 14 15 | 15.1
Stealth        | 5 8 10 12 13 14 15 16 17 | 17.3
Invocations    | 5 8 11 13 14 15 16 17 | 17.7
Dodging        | 3 4 |  4.0
Armour         | 4 5 |  5.0
Translocations | |  0.8

Action                     |  1- 3 |  4- 6 |  7- 9 | 10-12 | 13-15 | 16-18 || total
---------------------------+-------+-------+-------+-------+-------+-------++-------
  Melee: Rapier            |    44 |       |       |       |       |       ||    44
         Bite              |    17 |    18 |    79 |   244 |   575 |   882 ||  1815
         Short sword       |    38 |    76 |   261 |   561 |  1209 |   702 ||  2847
         Quick blade       |       |       |       |       |       |  1143 ||  1143
         Dagger            |       |       |       |       |       |    23 ||    23
  Throw: Dart              |       |       |       |    22 |     3 |     1 ||    26
         Throwing net      |       |       |       |     1 |     1 |       ||     2
 Invoke: Line Pass         |       |       |       |     1 |     8 |     3 ||    12
         Grand Finale      |       |       |       |       |     1 |     4 ||     5
  Evoke: Wand              |       |       |       |    12 |     7 |     2 ||    21
         Phial of floods   |       |       |       |       |       |     1 ||     1
    Use: Scroll            |       |       |       |    10 |     8 |    14 ||    32
         Potion            |       |       |       |       |       |     2 ||     2
   Stab: Paralysed         |       |       |       |    28 |    95 |   109 ||   232
         Held in net/web   |       |       |       |     1 |       |       ||     1
         Sleeping          |       |       |       |     6 |    29 |    27 ||    62
         Confused          |       |       |       |       |     9 |     2 ||    11
         Distracted        |       |       |       |       |     1 |     4 ||     5
         Petrifying        |       |       |       |       |     4 |       ||     4
         Petrified         |       |       |       |       |     4 |       ||     4
         Invisible         |       |       |       |       |       |    21 ||    21
 Armour: Scale mail        |    38 |    20 |    11 |   278 |   521 |   710 ||  1578
         Chain mail        |       |    10 |   137 |       |       |       ||   147
         Ring mail         |       |       |     7 |       |       |       ||     7
  Dodge: Dodged            |    26 |    20 |    42 |   124 |   222 |   435 ||   869
  Block: Buckler           |    13 |    15 |    44 |    77 |   175 |   123 ||   447
         Kite shield       |       |       |       |       |       |   510 ||   510
